 BcadrenCrawl: Boulder Brew version 0.05.4-47-g4e6e437f84 (webtiles) character file.

Game seed: 5506503328973810141, levelgen mode: deterministic

88 epen the Unbeliever (level 4, -2/34 HPs) Gnoll Demonspawn. Began on Mar 20, 2022. Splashed by a jelly's acid (10 damage) ... on level 2 of the Dungeon. The game lasted 00:01:21 (251 turns).

epen the Unbeliever (Gnoll Demonspawn)               Turns: 251, Time: 00:01:21

Health: -2/34      AC:  0    Str: 18    XL:     4 ^: 39
Magic:  9/9        EV: 15    Int: 14    God:
Gold:   46         SH:  0    Dex: 14    Spells: 7/8 levels left

rFire    . . .     Vision   .   a - +0 war axe
rCold    . . .     Gourm    .     - Unarmed
rNeg     . . .     Faith    .   b - +0 leather armour
rCorr    . . .     Spirit   .   (no helmet)
rPois    .         Reflect  .   (no cloak)
rElec    .         Harm     .   (no gloves)
MR       .....                  (no boots)
Stlth    ++........             (no amulet)
HPRegen  0.21/turn              (no ring)
MPRegen  0.19/turn              (no ring)

@: corroded
A: distributed training, fangs, demonic guardian 1, spiny 1, strong nose
a: no special abilities


You were on level 2 of the Dungeon.
You were not hungry.

You visited 1 branch of the dungeon, and saw 2 of its levels.

You collected 46 gold pieces.

Inventory:

Weapons
 a - a +0 war axe (weapon)
Armour
 b - a +0 leather armour (worn)
Scrolls
 c - a scroll of enchantment
Comestibles
 d - a ration


   Skills:
 + Level 2.7 Fighting
 + Level 1.0 Short Blades
 + Level 1.0 Long Blades
 + Level 4.6 Axes & Hammers
 + Level 1.0 Whips & Flails
 + Level 1.0 Polearms
 + Level 1.0 Maces & Staves
 + Level 1.0 Slings
 + Level 1.0 Bows
 + Level 1.0 Crossbows
   Level 0.0 Throwing
 + Level 1.0 Armour
 + Level 6.5 Dodging
 + Level 4.2 Stealth
 + Level 1.0 Shields
 + Level 1.0 Unarmed Combat
 + Level 2.9 Spellcasting
 + Level 0.7 Hexes
 + Level 0.7 Charms
 + Level 0.7 Summonings
 + Level 0.7 Necromancy
 + Level 0.7 Translocations
 + Level 0.7 Transmutations
 + Level 3.8 Fire Magic
 + Level 0.7 Ice Magic
 + Level 0.7 Air Magic
 + Level 0.7 Earth Magic
 + Level 0.7 Poison Magic
 + Level 6.8 Invocations
 + Level 1.0 Evocations


You had 7 spell levels left.
You knew the following spells:

 Your Spells              Type           Power        Failure   Level  Hunger
a - Flame Tongue          Fire           12 (30)      4%          1    0-19

Your spell library contained the following spells:

 Spells                   Type           Power        Failure   Level  Hunger
 Conjure Flame Fire 12 (100) 14% 3 79-139 Slow Hex 4 (100) 17% 1 0-19 Blink Tloc N/A 26% 2 39-79 Call Imp Summ 4 (100) 26% 2 39-79 Mephitic Cloud Pois/Air       4 (100)      45%         3    79-139


Dungeon Overview and Level Annotations

Branches:
Dungeon (2/8)

Altars:
Gozag Ym Sagoz


Innate Abilities, Weirdness & Mutations

Your experience applies equally to all skills.
You have razor-sharp fangs.
A weak demonic guardian rushes to your aid.
You are partially covered in sharp spines.
Your uncanny sense of smell can sniff out nearby items.


Message History

Your Armour skill increases to level 1!
Your Shields skill increases to level 1!
Your Unarmed Combat skill increases to level 1!
Your Evocations skill increases to level 1!
You have reached level 4!
You feel strong.
Your quasit bites the jelly but does no damage.
Your quasitis burned by acid (4).
Your quasit claws the jelly (1).
Your quasit claws the jelly but does no damage.
You hit the jelly (4). The acid corrodes you!
Your hands burn (4).
* * * LOW HITPOINT WARNING * * *
You hit the jelly but do no damage.
The jelly is heavily wounded. (10/17) HP The jelly blocks your quasit's attack.
Your quasit claws the jelly (2).
The jelly blocks your quasit's attack. The jelly is struck by your spines (2).
The jelly hits you (1).
* * * LOW HITPOINT WARNING * * *
You are splashed with acid (10)!
You die...

≈#≈≈≈≈P.≈≈ ≈.≈≈≈≈≈.≈###
##≈≈;≈≈....##
≈.≈≈;≈≈.....##
#≈≈≈;≈..≈≈.≈# ≈
#?≈≈≈≈.###.≈### ≈
#≈≈≈≈≈5##≈.##.## ..
#≈≈≈≈≈J##..#.≈≈#### ≈.
#P≈≈≈≈@#≈..≈......##≈≈≈
#≈P≈≈≈.#......≈.≈..#≈≈≈
#≈≈≈≈≈≈#._...≈###....≈≈
.≈≈≈≈≈≈≈#..≈#.†#≈##..≈≈≈
..≈≈≈≈≈≈#....≈##≈.≈##≈≈≈
.#.≈≈≈≈≈##.≈≈##...≈# ≈≈≈
.≈≈≈≈≈≈≈###≈###.≈### ≈≈
.#≈≈≈≈≈≈# ### #.≈## ≈≈
##.<# ≈


You could see a jelly, 3 neutral submerged slimeheads (passive) and a friendly
quasit.

Vanquished Creatures
  A jelly (D:2)
  3 cinder newts (D:1)
  An ooze (D:1)
  2 dart slugs (D:1)
  2 leopard geckos
  A ball python (D:1)
  4 bats (D:1)
  5 goblins (D:1)
  4 hobgoblins (D:1)
  2 kobolds (D:1)
  3 rats (D:1)
  2 plants (D:1)
30 creatures vanquished.

Vanquished Creatures (others)
  A bush (D:1)
  7 withered plants (D:2)
8 creatures vanquished.

Grand Total: 38 creatures vanquished

Notes
Turn   | Place    | Note
-------+----------+-------------------------------------------
     0 | D:1      | epen the Gnoll Demonspawn began the quest for the Orb.
     0 | D:1      | Reached XP level 1. HP: 17/17 MP: 4/4
    28 | D:1      | Gained mutation: A weak demonic guardian rushes to your
                  | aid. [demonic ancestry]
    28 | D:1      | Reached XP level 2. HP: 21/23 MP: 6/6
    54 | D:1      | Gained mutation: You are partially covered in sharp spines.
                  | [demonic ancestry]
    54 | D:1      | Reached XP level 3. HP: 28/28 MP: 7/7
   207 | D:2      | Found an opulent altar of Gozag.
   250 | D:2      | Reached skill level 1 in Short Blades
   250 | D:2      | Reached skill level 1 in Long Blades
   250 | D:2      | Reached skill level 1 in Whips & Flails
   250 | D:2      | Reached skill level 1 in Polearms
   250 | D:2      | Reached skill level 1 in Maces & Staves
   250 | D:2      | Reached skill level 1 in Slings
   250 | D:2      | Reached skill level 1 in Bows
   250 | D:2      | Reached skill level 1 in Crossbows
   250 | D:2      | Reached skill level 1 in Armour
   250 | D:2      | Reached skill level 1 in Shields
   250 | D:2      | Reached skill level 1 in Unarmed Combat
   250 | D:2      | Reached skill level 1 in Evocations
   250 | D:2      | Reached XP level 4. HP: 12/34 MP: 9/9
   251 | D:2      | Splashed by a jelly's acid

Levels and vault maps discovered:
D:1:      nzn_arrival_settlement, layout_rooms, serial_forest,
          infiniplex_forest_clump_medium, infiniplex_forest_clump_large,
          infiniplex_forest_corner_1, infiniplex_forest_corner_1,
          infiniplex_forest_clump_curved, infiniplex_forest_clump_double,
          infiniplex_forest_clump_long, infiniplex_forest_end_2,
          infiniplex_forest_zigzag_1, minmay_tiny_reverse_x
D:2:      layout_sewer, kennysheep_little_box, nicolae_gozag_seed_capital,
          uniq_purgy

Skill      XL: |  1  2  3 |
---------------+----------+-----
Short Blades   | 1 |  1.0
Long Blades    | 1 |  1.0
Whips & Flails | 1 |  1.0
Polearms       | 1 |  1.0
Maces & Staves | 1 |  1.0
Slings         | 1 |  1.0
Bows           | 1 |  1.0
Crossbows      | 1 |  1.0
Armour         | 1 |  1.0
Shields        | 1 |  1.0
Unarmed Combat | 1 |  1.0
Evocations     | 1 |  1.0
Fighting       | |  2.7
Axes & Hammers | |  4.6
Dodging        | |  6.5
Stealth        | |  4.2
Spellcasting   | |  2.9
Hexes          | |  0.7
Charms         | |  0.7
Summonings     | |  0.7
Necromancy     | |  0.7
Translocations | |  0.7
Transmutations | |  0.7
Fire Magic     | |  3.8
Ice Magic      | |  0.7
Air Magic      | |  0.7
Earth Magic    | |  0.7
Poison Magic   | |  0.7
Invocations    | |  6.8

Action                   |  1- 3 |  4- 6 || total
-------------------------+-------+-------++-------
Melee: War axe           |    44 |     1 ||    45
       Unarmed           |    21 |     1 ||    22
       Tailslap          |     6 |       ||     6
 Stab: Sleeping          |     3 |       ||     3
Armor: Leather armour    |    12 |       ||    12
Dodge: Dodged            |    20 |       ||    20
